← All builds
Suicide front / Armada / Factory first / OBSERVED BUILD

Standard suicide front

Armada Suicide front build order · Supreme Isthmus

The role's baseline: Bot Lab at 0:21 then straight into reclaim-fed T1 bot production to contest the middle and hold until T2 arrives, with an Advanced Metal Extractor around 9:45.

#rush · 2010 distinct matches · 229 players · 72% of Armada Suicide front games · team won 59% of 2383 · Recently observed

HOW TO PLAY IT

Key timing: Bot Lab by 0:20

  1. Open with mex and lab-first to get Bot Lab up by 0:20.
  2. Expand mex and wind while lab pumps units toward middle.
  3. Push Sentry and early Rocketeer, Centurion to contest middle.
  4. Get T2 constructor out once Pond's boost lets you spare metal.
  5. Upgrade mex to Advanced Metal Extractor as you transition off T1 spam.

Phase by phase

TYPICAL OF ITS 2010 GAMES
  1. 1
  2. 2
  3. 3
PLAY THE OPENING

Follow the example game's first 6:00 step by step: what to build now, what comes next, and where it goes. At 1× it keeps pace with your own game.

  1. 1

    Bot Lab first

    Order
    1. Bot LabBot Lab done ~0:21, middle half 0:20–0:33

    Some games also: mex (44%)

  2. 2

    Bot Lab to 5:00

    Economy
    • Metal Extractor5Mex
    • Wind Turbine4Wind
    Builders
    • Construction Bot3 Con bot
    • Lazarus2 Lazarus
    Army
    • Sentry4 Sentry
    • Rocketeer16 Rocketeer
    • Tick2 Tick
    • Centurion1 Centurion
    Other
    • Radar Tower1 Radar Tower

    Some games also: pawn (38%) · con turret (34%)

    By 5:00 in all: 5 mex · 4 wind

    The example game in this phase · 42 steps
    1. LazarusLazarus
    2. Mex
    3. LazarusLazarus
    4. Construction BotCon bot
    5. PawnPawn ×2
    6. Mex
    7. PawnPawn ×4
    8. LazarusLazarus
    9. PawnPawn ×2
    10. SentrySentry
    11. PawnPawn ×2
    12. Construction BotCon bot ×2
    13. Mex
    14. RocketeerRocketeer
    15. Radar TowerRadar Tower
    16. RocketeerRocketeer
    17. MaceMace
    18. RocketeerRocketeer ×2
    19. Construction BotCon bot
    20. SentrySentry
    21. RocketeerRocketeer
    22. Mex
    23. MaceMace
    24. SentrySentry
    25. Wind
    26. LazarusLazarus
    27. RocketeerRocketeer
    28. Mex
    29. Wind
    30. SentrySentry
    31. RocketeerRocketeer
    32. MaceMace
    33. Wind
    34. Construction BotCon bot
    35. SentrySentry ×2
    36. RocketeerRocketeer
    37. Wind
    38. RocketeerRocketeer
    39. SentrySentry
    40. MaceMace
    41. Wind
    42. SentrySentry
  3. 3

    5:00 to 10:00

    Economy
    • Metal Extractor1Mex
    • Wind Turbine15Wind
    Builders
    • Construction Turret2 Con turret
    • Lazarus2 Lazarus
    • Construction Bot1 Con bot
    Army
    • Sentry1 Sentry
    • Rocketeer8 Rocketeer

    Some games also: pawn (49%) · Radar Tower (46%) · tick (45%) · centurion (44%) · energy storage (43%) · eat Bot Lab (31%)

    By 10:00 in all: 6 mex · 21 wind · 1 energy storage · 2 con turret

    The example game in this phase · 134 steps
    1. LazarusLazarus
    2. Energy storage
    3. LazarusLazarus
    4. RocketeerRocketeer ×2
    5. MaceMace
    6. Wind
    7. RocketeerRocketeer ×2
    8. Wind
    9. MaceMace
    10. LazarusLazarus ×2
    11. Wind
    12. RocketeerRocketeer ×2
    13. Wind
    14. MaceMace
    15. Wind
    16. RocketeerRocketeer
    17. LazarusLazarus ×2
    18. Wind
    19. LazarusLazarus
    20. Wind
    21. LazarusLazarus
    22. BeamerBeamer
    23. Wind
    24. RocketeerRocketeer
    25. Wind
    26. RocketeerRocketeer
    27. Mex
    28. Wind
    29. Con turret
    30. MaceMace
    31. Wind ×2
    32. Converter
    33. Wind
    34. LazarusLazarus
    35. Converter
    36. Wind
    37. RocketeerRocketeer
    38. SentrySentry
    39. Converter
    40. Wind
    41. BeamerBeamer
    42. RocketeerRocketeer
    43. Wind
    44. Mex
    45. Converter
    46. MaceMace
    47. Wind
    48. Converter
    49. RocketeerRocketeer
    50. Converter
    51. Wind
    52. RocketeerRocketeer
    53. Mex
    54. LazarusLazarus
    55. Converter
    56. LazarusLazarus
    57. Wind
    58. Converter
    59. LazarusLazarus
    60. Converter
    61. Wind
    62. Construction BotCon bot
    63. Mex
    64. Wind
    65. Construction BotCon bot
    66. CenturionCenturion
    67. Wind
    68. Radar TowerRadar Tower
    69. LazarusLazarus ×2
    70. SentrySentry
    71. LazarusLazarus
    72. Wind
    73. LazarusLazarus
    74. SentrySentry
    75. LazarusLazarus
    76. CenturionCenturion
    77. SentrySentry
    78. Con turret
    79. LazarusLazarus
    80. Wind
    81. SentrySentry
    82. LazarusLazarus
    83. CenturionCenturion
    84. Wind
    85. SentrySentry
    86. LazarusLazarus
    87. Wind
    88. LazarusLazarus
    89. CenturionCenturion
    90. Wind
    91. LazarusLazarus ×2
    92. Wind
    93. Con turret
    94. PawnPawn
    95. Wind
    96. Con turret
    97. BeamerBeamer
    98. PawnPawn ×3
    99. Wind
    100. PawnPawn ×2
    101. LazarusLazarus ×2
    102. Wind
    103. LazarusLazarus ×2
    104. Sneaky PeteSneaky Pete
    105. LazarusLazarus
    106. Wind
    107. LazarusLazarus
    108. PawnPawn
    109. Vehicle PlantVehicle Plantdone 12:40
    110. Wind
    111. BlitzBlitz
    112. Wind
    113. BlitzBlitz ×4
    114. Wind
    115. BlitzBlitz ×3
    116. BeamerBeamer
    117. Wind
    118. BlitzBlitz ×2
    119. Wind
    120. BeamerBeamer
    121. BlitzBlitz
    122. Con turret
    123. BlitzBlitz ×5
    124. Wind
    125. BlitzBlitz ×2
    126. Wind
    127. BlitzBlitz
    128. Wind
    129. BlitzBlitz ×2
    130. Wind
    131. BlitzBlitz
    132. Advanced Metal ExtractorT2 mexnot finished by 15:00 · typical 9:46
    133. BlitzBlitz
    134. Wind

Counts are medians over the build's games: half of them build more, half fewer. The example game is NoobSlayer's (31 OS, 21/08/2026); pick another.

Team trades

IN AT LEAST 30% OF ITS GAMES

You hand over

Nothing regular.

You get

  • Tidal Generator4 Tidal from Pondfirst at 0:10 · in 68% of games
  • Advanced Construction Bot1 T2 con bot from Geo or Techfirst at 7:41 · in 57% of games

How it plays out

Typical game of this build, running totals by minute

Metal produced

010k20k
0:005:0010:0015:00

metal

Enemy metal destroyed

05k10k
0:005:0010:0015:00

metal

Own metal lost

05k10k
0:005:0010:0015:00

metal

2383 games.

Show as table
ByMetal produced: This buildEnemy metal destroyed: This buildOwn metal lost: This build
1:0023000
2:0088700
3:002009184130
4:003110645501
5:00418513571000
6:00534921831712
7:00653930512597
8:00776039393502
9:00904647004376
10:001041853145163
11:001189458585965
12:001360664076686
13:001540768797437
14:001729875058212
15:001926981098991
WHAT THE NUMBERS SAY

Standard Suicide front play wins a bit over half its games while taking the heaviest own losses of any role by 15:00.

  • + Produces 20142 metal by 15:00, highest of the front roles.
  • + First kill by 2:01 in all games, fastest contest of middle.
  • − Own metal lost hits 9178 by 15:00, more than enemy metal destroyed.
  • − Only 34% Rocketeer share shows army spread thin across many bot types.
THE EXAMPLE YOU ARE READING

NoobSlayer

31.0 OS · 21/08/2026

Open source match ↗

5 received units · includes a constructor
190 metal received · 22931 energy received

Allied construction assistance is unknown. Timings are observations, not a promise of solo reproducibility.

Typical milestones

Bot Lab0:21Middle 50%: 0:20–0:33 · n=2375
Advanced Metal Extractor9:46Middle 50%: 8:50–10:58 · n=1723

Played most by

_X_262games of this buildPlatinumBlonde188games of this buildXad166games of this buildTrapCaT107games of this buildImmort80games of this build